 Dungeon Crawl Stone Soup version 0.30.1-1-g62c8e00024 (webtiles) character file.

Game seed: 3792440385148401291

74419 Wiggles the Executioner (level 15, -9/128 HPs)
             Began as a Minotaur Berserker on July 17, 2023.
             Was a High Priest of Trog.
             Mangled by an orc warrior
             ... wielding a +0 long sword
              (12 damage)
             ... on level 2 of the Orcish Mines.
             The game lasted 00:39:31 (17738 turns).

Wiggles the Executioner (Minotaur Berserker)       Turns: 17738, Time: 00:39:31

Health: -9/128     AC: 29    Str: 29    XL:     15   Next: 6%
Magic:  14/14      EV:  9    Int:  4    God:    Trog [*****.]
Gold:   1827       SH:  0    Dex: 10    Spells: 14/14 levels left

rFire   + . .        H - +4 executioner's axe (heavy)
rCold   . . .        (shield currently unavailable)
rNeg    . . .        x - +6 plate armour
rPois   +            (helmet restricted)
rElec   .            j - +2 cloak {rPois}
rCorr   +            I - +0 pair of gloves
SInv    .            i - +2 pair of boots "Oru Eck" {+Blink rF+ Stlth+}
Will    +....        p - amulet of regeneration Stlth
                     y - ring of resist corrosion
HPRegen 1.21/turn    v - +4 ring of slaying
MPRegen 0.14/turn

%: no passive effects
@: on berserk cooldown
A: horns 2, retaliatory headbutt
a: Renounce Religion, Evoke Blink, Berserk, Trog's Hand, Brothers in Arms


You were on level 2 of the Orcish Mines.
You worshipped Trog.
Trog was extremely pleased with you.
You visited 3 branches of the dungeon, and saw 20 of its levels.
You also visited: Bailey.

You collected 2324 gold pieces.
You spent 497 gold pieces at shops.

Inventory:

Hand Weapons
 h - a +3 executioner's axe of freezing
 H - a +4 heavy executioner's axe (weapon)
Missiles
 a - a throwing net (quivered)
Armour
 i - the +2 pair of boots "Oru Eck" (worn) {+Blink rF+ Stlth+}
   (You bought it in a shop on level 7 of the Dungeon)

   rF:        It protects you from fire.
   +Blink:    It lets you blink.
   Stlth:     It makes you more stealthy.
 j - a +2 cloak of poison resistance (worn)
 m - a scarf of repulsion
 x - a +6 plate armour (worn)
 I - a +0 pair of gloves (worn)
Jewellery
 f - a ring of willpower
 k - an amulet of the acrobat
 l - a ring of protection from fire
 p - an amulet of regeneration (around neck)
 v - a +4 ring of slaying (right hand)
 y - a ring of resist corrosion (left hand)
 B - a ring of protection from fire
Wands
 o - a wand of polymorph (3)
 t - a wand of acid (28)
 u - a wand of roots (29)
 E - a wand of mindburst (15)
 G - a wand of flame (6)
 K - a wand of paralysis (8)
Scrolls
 e - 10 scrolls of teleportation
 A - 2 scrolls of fear
 F - a scroll of fog
 N - a scroll of blinking
Potions
 c - 2 potions of cancellation
 d - 4 potions of brilliance
 g - 21 potions of curing
 n - a potion of haste
 q - 2 potions of resistance
 r - 2 potions of berserk rage
 s - 4 potions of flight
 w - a potion of invisibility {unknown}
 z - 3 potions of mutation
 C - 4 potions of might
 D - 4 potions of lignification
 J - a potion of magic {unknown}
 L - 2 potions of attraction {unknown}
Miscellaneous
 b - a piece from Xom's chessboard (15/15)


   Skills:
 - Level 10.9 Fighting
 + Level 26.7 Axes
 - Level 11.6 Armour
 - Level 4.0 Dodging
 - Level 0.4 Stealth
 - Level 0.8 Evocations


You had 14 spell levels left.
You didn't know any spells.
Your spell library was empty.

Dungeon Overview and Level Annotations

Branches:
Dungeon (13/15)            Temple (0/1) D:4            Lair (5/5) D:10
  Swamp (0/4) Lair:2        Snake (0/4) Lair:2        Slime (0/5) Lair:5
    Orc (2/2) D:10            Elf (0/3) Orc:2        Vaults (0/5) D:13
 Bailey (visited)

Altars:
Ashenzari
Cheibriados
Gozag
Kikubaaqudgha
Okawaru
Trog
Uskayaw
Wu Jian
Xom
The Shining One
Jiyva

Shops:
D:5 (   D:6 *   D:7 [(

Annotations:
D:6 2 transporters, bahustanut's ghost, novice OpTm
D:8 1 runed translucent door, superradish's ghost, novice OpBr


Innate Abilities, Weirdness & Mutations

You have a pair of horns on your head.
You reflexively headbutt those who attack you in melee.


Message History

Your deep troll barely misses the orc warrior.
Your deep troll bites the orc warrior!
Your deep troll barely misses the orc warrior.
Your deep troll claws the orc warrior.
The orc high priest hits you but does no damage.
The orc warlord hits you but does no damage.
The orc priest hits your deep troll but does no damage.
Your deep troll is poisoned.
The orc warrior hits you from afar with a +0 trident!!
* * * LOW HITPOINT WARNING * * *
The orc warrior hits your deep troll with a +0 dire flail!!
The hellwing hits you.
* * * LOW HITPOINT WARNING * * *
The hellwing closely misses you.
Your deep troll misses the orc warrior.
Your deep troll claws the orc warrior.
Your deep troll barely misses the orc warrior.
The orc warrior hits you from afar with a +0 trident!
* * * LOW HITPOINT WARNING * * *
The orc high priest barely misses you.
The orc priest hits your deep troll with a +0 dagger of venom.
Your deep troll looks as sick as possible!
The orc warrior misses your deep troll.
The orc warlord roars a battlecry!
The orcs go into a battle-frenzy!
The orc closely misses your deep troll.
An orc high priest comes into view. It is wielding a +0 short sword.
Your magical effects are unravelling.
You feel magically purged.
You feel yourself speed up.
The orc warlord no longer looks unusually strong.
Your deep troll misses the orc priest.
Your deep troll closely misses the orc priest.
Your deep troll claws the orc priest!
The hellwing barely misses you. You furiously retaliate!
You headbutt the hellwing!
The hellwing hits you but does no damage.
The sun demon closely misses you.
The orc warlord roars a battlecry!
The orc high priest hits you but does no damage.
The orc warrior hits you with a +0 long sword!
You die...

#...................
..
##.###....#.##......
.
##...#.##..#.#...##..
##.#.....#.....#.## .
#.........#.#.####
#.........####
###......##
##....)o)4##
#......3@#.##
##....oo))..#
#.....ooT..#
.....#.)ooo.#
.....#.))o..#
...........##
.......$...#
..........o.
...........#


You could see an orc warlord, 2 orc high priests, a sun demon (summoned), a
hellwing (summoned), 4 orc warriors, 2 orc priests, an orc (strong) and a
friendly deep troll (summoned, berserk, extremely poisoned, drained).

Vanquished Creatures
  Saint Roka (Orc:2)
  An orc warlord (Bailey)
  The ghost of Pepete the Tortoise, a journeyman DjFE of Makhleb (Lair:5)
  A fire dragon (Lair:5)
  Snorg (Lair:3)
  4 hydras
  A catoblepas (Lair:5)
  3 two-headed ogres
  5 centaur warriors
  3 boulder beetles
  A death knight (D:13)
  9 death yaks (Lair:5)
  A deep troll earth mage (D:12)
  Nergalle (Lair:3)
  A swamp dragon (Lair:5)
  2 lindwurms (Lair:5)
  A wizard (D:13)
  2 orc knights
  4 deep elf pyromancers
  5 ugly things
  2 orc sorcerers
  2 wolf spiders (Lair:5)
  A cyclops (D:13)
  13 elephants
  4 black mambas (Lair:5)
  An unseen horror (D:10)
  7 torpor snails
  6 cane toads
  3 gargoyles
  4 rime drakes
  2 kobold demonologists (D:11)
  A tengu conjurer (D:12)
  11 komodo dragons
  An efreet (D:10)
  5 trolls
  A polar bear (Lair:1)
  Grinder (D:4)
  2 hornets (Lair:5)
  Prince Ribbit (D:7)
  13 blink frogs (Lair:5)
  4 dream sheep (Lair:5)
  8 slime creatures
  2 shadows
  3 wyverns
  36 yaks
  Eustachio (D:5)
  12 vampire mosquitoes
  7 basilisks
  10 steam dragons
  4 wargs
  Menkaure (D:4)
  4 nagas (Lair:2)
  10 water moccasins
  2 acid dragons
  A swamp drake (Lair:5)
  A black bear (D:6)
  22 orc warriors
  An ice beast (D:7)
  21 wolves (Lair:5)
  3 ogres
  A boggart (D:10)
  13 centaurs
  5 kobold brigands
  Blork the orc (D:6)
  14 bullfrogs
  6 gnoll sergeants
  2 scorpions
  11 wights
  9 killer bees
  3 howler monkeys (D:8)
  7 hounds
  3 jellies
  A gnoll bouda (D:6)
  16 orc priests
  2 sleepcaps
  9 iguanas
  Natasha (D:4)
  Ijyb (D:4)
  12 orc wizards
  A centaur simulacrum (D:10)
  41 gnolls
  8 adders
  An ufetubus (D:3)
  2 worms
  5 dart slugs
  53 orcs
  11 ball pythons
  10 endoplasms
  A giant cockroach (D:2)
  12 goblins
  17 hobgoblins
  3 jackals (D:2)
  22 kobolds
  2 quokkas
  7 bats
  2 frilled lizards
  8 rats
605 creatures vanquished.

Vanquished Creatures (collateral kills)
  2 orc knights (Orc:2)
  An orc wizard (Orc:2)
  An orc (Orc:2)
  2 hobgoblins (Bailey)
6 creatures vanquished.

Grand Total: 611 creatures vanquished

Notes
Turn   | Place    | Note
-------+----------+-------------------------------------------
     0 | D:1      | Wiggles the Minotaur Berserker began the quest for the Orb.
     0 | D:1      | Reached XP level 1. HP: 19/19 MP: 0/0
   168 | D:1      | Reached XP level 2. HP: 27/27 MP: 1/1
   172 | D:1      | Reached skill level 4 in Axes
   601 | D:2      | Reached XP level 3. HP: 32/33 MP: 2/2
   738 | D:2      | Reached ** piety under Trog
   860 | D:2      | Reached XP level 4. HP: 41/41 MP: 3/3
   928 | D:2      | Found a faded altar of an unknown god.
  1279 | D:3      | You fall into a shaft and drop 3 floors!
  1279 | D:6      | Found a hide-covered altar of Uskayaw.
  1308 | D:5      | Entered Level 5 of the Dungeon
  1363 | D:5      | Noticed Eustachio
  1394 | D:5      | Killed Eustachio
  1395 | D:5      | Reached skill level 5 in Fighting
  1395 | D:5      | Reached skill level 5 in Axes
  1395 | D:5      | Reached XP level 5. HP: 45/48 MP: 4/4
  1447 | D:5      | Reached skill level 6 in Axes
  1447 | D:5      | Reached XP level 6. HP: 48/56 MP: 5/5
  1886 | D:5      | Reached skill level 5 in Armour
  1902 | D:5      | Reached skill level 7 in Axes
  1902 | D:5      | Reached XP level 7. HP: 61/61 MP: 6/6
  1932 | D:5      | Found Buid's Weapon Boutique.
  2059 | D:4      | Found an opulent altar of Gozag.
  2059 | D:4      | Found a broken altar of Ashenzari.
  2095 | D:4      | Noticed Menkaure
  2103 | D:4      | Killed Menkaure
  2378 | D:3      | Found an ornate altar of the Wu Jian Council.
  2544 | D:4      | Found a staircase to the Ecumenical Temple.
  2547 | D:4      | Found a shimmering altar of Xom.
  2555 | D:4      | Reached *** piety under Trog
  2609 | D:4      | Noticed Natasha
  2611 | D:4      | Noticed Grinder
  2616 | D:4      | Killed Natasha
  2619 | D:4      | Reached skill level 8 in Axes
  2624 | D:4      | Killed Grinder
  2625 | D:4      | Reached XP level 8. HP: 46/70 MP: 7/7
  2979 | D:4      | Noticed Ijyb
  2986 | D:4      | Killed Ijyb
  3724 | D:5      | Reached skill level 9 in Axes
  3975 | D:6      | Noticed Blork the orc
  3976 | D:6      | Found Viadic's Elemental Accessories.
  3984 | D:6      | Killed Blork the orc
  4012 | D:6      | Found a transporter.
  4046 | D:6      | Noticed bahustanut's ghost (novice OpTm)
  4061 | D:6      | Found a transporter.
  4133 | D:6      | Reached skill level 10 in Axes
  4837 | D:7      | Reached XP level 9. HP: 78/78 MP: 8/8
  4887 | D:7      | Noticed Prince Ribbit
  4893 | D:7      | Killed Prince Ribbit
  4901 | D:7      | Reached **** piety under Trog
  4910 | D:7      | HP: 3/74 [wight/+5 great sword of freezing (2)]
  5246 | D:7      | Reached skill level 11 in Axes
  5283 | D:7      | Found a flagged portal.
  5294 | D:7      | Found Idweajoz's Armour Boutique.
  5317 | Bailey   | Entered a bailey
  5439 | Bailey   | Reached skill level 10 in Armour
  5567 | Bailey   | Noticed an orc knight
  5579 | Bailey   | Reached skill level 12 in Axes
  5583 | Bailey   | Killed an orc knight
  5584 | Bailey   | Reached XP level 10. HP: 88/88 MP: 9/9
  5642 | Bailey   | Noticed an orc warlord
  5669 | Bailey   | Killed an orc warlord
  5670 | Bailey   | Reached skill level 13 in Axes
  5904 | D:7      | Bought the +2 pair of boots "Oru Eck" {+Blink rF+ Stlth+}
                  | for 497 gold pieces
  6024 | D:7      | Found Gotod's Antique Weapon Emporium.
  6238 | D:8      | Found an iron altar of Okawaru.
  6298 | D:8      | Identified the +7 rapier of the Goat {elec, Will+ Str+3
                  | Int+3}
  6537 | D:8      | Found a runed translucent door.
  6537 | D:8      | Noticed superradish's ghost (novice OpBr)
  6556 | D:8      | Reached skill level 14 in Axes
  6729 | D:8      | Found an ancient bone altar of Kikubaaqudgha.
  6730 | D:8      | Found a bloodstained altar of Trog.
  6731 | D:8      | Found a glowing golden altar of the Shining One.
  6936 | D:8      | Acquired a +2 executioner's axe of venom
  7281 | D:9      | Reached ***** piety under Trog
  7521 | D:10     | Entered Level 10 of the Dungeon
  7588 | D:10     | Reached XP level 11. HP: 99/99 MP: 10/10
  7589 | D:10     | Noticed a centaur warrior
  7600 | D:10     | Killed a centaur warrior
  7601 | D:10     | Reached skill level 10 in Fighting
  7784 | D:10     | Reached skill level 15 in Axes
  7878 | D:10     | Noticed a centaur warrior
  7880 | D:10     | Noticed a centaur warrior
  7889 | D:10     | Killed a centaur warrior
  7894 | D:10     | Killed a centaur warrior
  7959 | D:10     | Noticed a boulder beetle
  8047 | D:10     | Noticed a boulder beetle
  8058 | D:10     | Killed a boulder beetle
  8073 | D:10     | Killed a boulder beetle
  8337 | D:10     | Noticed a two-headed ogre
  8343 | D:10     | Killed a two-headed ogre
  8343 | D:10     | Received a gift from Trog
  8344 | D:10     | Reached skill level 16 in Axes
  8602 | D:10     | Found a staircase to the Orcish Mines.
  8753 | D:10     | Found a staircase to the Lair.
  9060 | D:11     | Reached skill level 17 in Axes
  9132 | D:11     | Noticed a two-headed ogre
  9139 | D:11     | Reached XP level 12. HP: 90/108 MP: 11/11
  9140 | D:11     | Killed a two-headed ogre
  9323 | D:11     | Reached skill level 18 in Axes
  9693 | D:12     | Found a bloodstained altar of Trog.
  9718 | D:12     | Received a gift from Trog
  9949 | D:12     | Noticed a boulder beetle
  9959 | D:12     | Killed a boulder beetle
 10726 | D:13     | Noticed a centaur warrior
 10727 | D:13     | Noticed a centaur warrior
 10731 | D:13     | Killed a centaur warrior
 10732 | D:13     | Reached skill level 19 in Axes
 10733 | D:13     | Killed a centaur warrior
 10737 | D:13     | Noticed a two-headed ogre
 10744 | D:13     | Noticed a deep troll earth mage
 10753 | D:12     | Killed a two-headed ogre
 10759 | D:12     | Reached skill level 20 in Axes
 10896 | D:12     | Killed a deep troll earth mage
 11296 | D:13     | Noticed a death knight
 11304 | D:13     | Killed a death knight
 11305 | D:13     | Reached XP level 13. HP: 45/115 MP: 12/12
 11611 | D:13     | Found a gate to the Vaults.
 11677 | D:13     | Reached skill level 21 in Axes
 11836 | Lair:1   | Entered Level 1 of the Lair of Beasts
 12982 | Lair:2   | Found a staircase to the Swamp.
 13096 | Lair:2   | Identified the +3 morningstar of the Horn {venom, Dex+2}
 13441 | Lair:2   | Reached skill level 22 in Axes
 13469 | Lair:2   | Found a staircase to the Snake Pit.
 13960 | Lair:3   | Found a dark tunnel.
 14013 | Lair:3   | Noticed Snorg
 14020 | Lair:3   | Killed Snorg
 14116 | Lair:3   | Noticed Nergalle
 14120 | Lair:3   | Killed Nergalle
 14322 | Lair:4   | Found a snail-covered altar of Cheibriados.
 14379 | Lair:4   | Received a gift from Trog
 14387 | Lair:4   | Reached skill level 23 in Axes
 14910 | Lair:4   | Identified the +5 war axe of Iguseokk {freeze, Int+4}
 15119 | Lair:5   | Entered Level 5 of the Lair of Beasts
 15142 | Lair:5   | Reached XP level 14. HP: 122/122 MP: 13/13
 15163 | Lair:5   | Reached skill level 24 in Axes
 16000 | Lair:5   | Reached skill level 25 in Axes
 16207 | Lair:5   | Received a gift from Trog
 16221 | Lair:5   | Identified the +4 quarterstaff of the Warrior-Mage
                  | {protect, Dex+8}
 16410 | Lair:5   | Found a large runed translucent door.
 16410 | Lair:5   | Found a large runed translucent door.
 16416 | Lair:5   | Noticed Pepete's ghost (journeyman DjFE)
 16553 | Lair:5   | Reached skill level 26 in Axes
 16620 | Lair:5   | Found a viscous altar of Jiyva.
 16621 | Lair:5   | Found a staircase to the Slime Pits.
 16905 | Lair:5   | Killed Pepete's ghost
 16962 | Lair:5   | Acquired an amulet of regeneration
 17103 | Orc:1    | Entered Level 1 of the Orcish Mines
 17478 | Orc:2    | Entered Level 2 of the Orcish Mines
 17624 | Orc:2    | Found a staircase to the Elven Halls.
 17693 | Orc:2    | Noticed Saint Roka
 17718 | Orc:2    | Killed Saint Roka
 17719 | Orc:2    | Reached XP level 15. HP: 114/128 MP: 14/14
 17728 | Orc:2    | Reached ****** piety under Trog
 17728 | Orc:2    | Received a gift from Trog
 17737 | Orc:2    | HP: 1/128 [orc warrior/+0 trident (11)]
 17738 | Orc:2    | Mangled by an orc warrior

Illustrated notes

Levels and vault maps discovered:
D:1:      ncdulo_watergridlock, layout_rooms
D:2:      layout_rooms, ebering_ecumenical_altar_abandoned
D:3:      layout_rooms, nzn_wu_jian_contemplation
D:4:      layout_loops_cross, nicolae_overflow_two_pavilions, xom_teletrap_fun,
          minmay_temple_entry_overgrown, uniq_grinder, uniq_ijyb, uniq_natasha,
          uniq_menkaure
D:5:      layout_gridville, serial_shops, nicolae_shop_just_a_little_nook,
          kb_lookout_dungeons_type, nicolae_fountain_basement, uniq_eustachio
D:6:      layout_rooms, mainiacjoe_overflow_surrounded_room,
          gammafunk_ghost_stat_death, nicolae_elemental_shop,
          minmay_strange_pillars, minmay_misc_feat_columns,
          kennysheep_decorative_pillar, amcnicky_mini_pool_small, moated_statue,
          uniq_blork_the_orc
D:7:      layout_rooms, serial_shops, kennysheep_mini_moat,
          nicolae_shop_window_shopping, enter_bailey_5, fountainhead,
          hex_intersection, uniq_prince_ribbit1
D:8:      layout_rooms, mainiacjoe_overflow_six_doors_small, minitemple,
          hellmonk_ghost_happy_afterlife
D:9:      layout_long_grid
D:10:     minmay_the_grid_triangle_9x9_rhombus_full
          [minmay_the_grid_triangle_9x9_odd_lines,
          minmay_the_grid_triangle_9x9_wacky_v,
          minmay_the_grid_triangle_9x9_zippers_horizontal,
          minmay_the_grid_triangle_9x9_sparse_checkered,
          minmay_the_grid_triangle_9x9_swiss_cheese,
          minmay_the_grid_triangle_9x9_windchime,
          minmay_the_grid_triangle_9x9_skeleton,
          minmay_the_grid_triangle_9x9_prize_schism], layout_irregular_city,
          minmay_orc_entry_temple_small, lemuel_flame_loot_1
D:11:     layout_rooms, gauntlet_entry_generic
D:12:     layout_layer_cave, trog_butcher_becter
D:13:     layout_cave_pools, david_vaults_1, minmay_three_doors
Lair:1:   layout_regular_city, grunt_megastairs_4
Lair:2:   layout_small_grid, swamp_mist, minmay_snake_entry_guardpost_medium
Lair:3:   layout_roguey, nicolae_volcano_entry_hallway, uniq_nergalle,
          uniq_snorg
Lair:4:   layout_misc_corridors, kennysheep_snail_temple, grunt_megastairs_5
Lair:5:   hangedman_lair_in_review, layout_loops_ring, guppyfry_lair_end_dragon,
          dpeg_slime_entry_enclosed, ebering_ghost_disaster_area,
          nicolae_lair_run_with_the_wolves
Orc:1:    layout_caves
Orc:2:    st_orc_congregation, layout_caves, uniq_saint_roka

Skill      XL: |  1  2  3  4  5  6  7  8  9 10 11 12 13 14 |
---------------+-------------------------------------------+-----
Axes           | 4 5 6 7 8 10 12 14 17 20 23 26 | 26.7
Fighting       | 4 5 6 8 9 10 | 10.9
Armour         | 4 5 6 8 10 11 | 11.6
Dodging        | 3 4 |  4.0
Stealth        | |  0.4
Evocations     | |  0.8

Action                     |  1- 3 |  4- 6 |  7- 9 | 10-12 | 13-15 || total
---------------------------+-------+-------+-------+-------+-------++-------
  Melee: Hand axe          |    75 |    77 |   134 |       |       ||   286
         Headbutt          |    13 |     8 |    61 |    65 |    65 ||   212
         War axe           |       |       |    81 |       |       ||    81
         Punch             |       |       |     2 |       |       ||     2
         Broad axe         |       |       |    49 |    14 |       ||    63
         Battleaxe         |       |       |       |    56 |       ||    56
         Executioner's axe |       |       |       |   251 |   345 ||   596
 Invoke: Berserk           |     1 |     2 |     5 |     2 |     5 ||    15
         Trog's Hand       |       |       |     1 |       |       ||     1
         Brothers in Arms  |       |       |       |     2 |     1 ||     3
  Evoke: Wand              |       |       |     2 |       |       ||     2
    Use: Scroll            |       |       |    17 |    15 |     7 ||    39
         Potion            |       |       |       |     7 |     5 ||    12
 Armour: Leather armour    |    10 |       |       |       |       ||    10
         Scale mail        |    30 |    43 |     1 |       |       ||    74
         Plate armour      |       |       |   206 |   311 |   376 ||   893
  Dodge: Dodged            |    50 |    42 |   139 |   281 |   263 ||   775
